 Dungeon Crawl Stone Soup version 0.20.1-1-g8b1a95d (webtiles) character file.

53 vatarom the Sneak (level 3, -5/19 HPs)
             Began as a Vine Stalker Assassin on Sept 15, 2017.
             Slain by a gnoll
             ... wielding a +0 flail
              (11 damage)
             ... on level 2 of the Dungeon.
             The game lasted 00:04:48 (2175 turns).

vatarom the Sneak (Vine Stalker Assassin)           Turns: 2175, Time: 00:04:50

Health: -5/19      AC:  4    Str: 13    XL:     3   Next: 89%
Magic:  0/4        EV: 12    Int:  9    God:
Gold:   143        SH:  0    Dex: 16    Spells: 2/2 levels left

rFire    . . .     SeeInvis .   b - +0 blowgun
rCold    . . .     Gourm    .   (no shield)
rNeg     . . .     Faith    .   c - +0 robe
rPois    .         Spirit   +   (no helmet)
rElec    .         Reflect  .   d - +0 cloak
rCorr    .         Harm     .   (no gloves)
MR       .....                  j - +0 pair of boots
Stlth    +++.......             (no amulet)
Regen    0.1/turn               (no ring)
MPRegen  0.1/turn               (no ring)

@: no status effects
A: fangs 2, blink, dopey 1, mutation resistance 1, magic shield, antimagic bite,
no potion heal 3, rot immunity
a: Blink


You were on level 2 of the Dungeon.
You were not hungry.

You visited 1 branch of the dungeon, and saw 2 of its levels.

You collected 143 gold pieces.

Inventory:

Hand Weapons
 a - a +2 dagger
 b - a +0 blowgun (weapon)
Missiles
 e - 4 poisoned needles (quivered)
 f - 2 curare-tipped needles
Armour
 c - a +0 robe (worn)
 d - a +0 cloak (worn)
 j - a +0 pair of boots (worn)
Scrolls
 o - 2 scrolls of remove curse
Potions
 l - 2 potions of mutation
Comestibles
 g - a bread ration
 p - 2 meat rations


   Skills:
 + Level 2.4 Fighting
 * Level 3.0 Short Blades
 - Level 1.7 Throwing
 + Level 1.1 Dodging
 - Level 4.8 Stealth


You had 2 spell levels left.
You didn't know any spells.

Dungeon Overview and Level Annotations

Branches:
Dungeon (2/15)

Altars:


Innate Abilities, Weirdness & Mutations

You have extremely sharp teeth.
When hurt, damage is shared between your health and your magic reserves.
Your bite disrupts and absorbs the magic of your enemies.
Potions cannot restore your health.
You are immune to rotting.
You can translocate small distances at will.
You are dopey. (Int -2)
You are somewhat resistant to further mutation.


Message History

The gnoll is lightly wounded.
The gnoll hits you with a spear!
* * * LOW HITPOINT WARNING * * *
You are too injured to fight recklessly!
You hit the gnoll.
The gnoll is heavily wounded.
The gnoll looks more healthy. x2
The gnoll barely misses you.
Wield which item (- for none, * to show all)? (? for menu, Esc to quit)
b - a +0 blowgun (weapon)
Firing (i - inventory. (,) - cycle):
e - 5 poisoned needles (quivered)
Press: ? - help, Shift-Dir - straight line, f/p - gnoll
Aim: a gnoll, wielding a spear (heavily wounded)
You shoot a poisoned needle.
The poisoned needle barely misses the gnoll.
The poisoned needle closely misses the gnoll.
The poisoned needle barely misses the gnoll.
The gnoll hits you with a flail!
Ouch! That really hurt!
You die...

#.#.# #.#(#
#.#.# ######
#.#.# #....#
#.#g# .....#
#.#g# .....#####
#.#.# .........#
#.#g# ......##.#
#.#@# ......#<.#
#.#.# ......#..#
#.#.# #....##..#
#.#.# #######..#
#.#.#### #..#
#.#....# #..#
#.####.# #..#
#.# #.#
#######..#####.#
#.#


You could see 3 gnolls.

Vanquished Creatures
  2 adders (D:2)
  A dart slug (D:1)
  A leopard gecko (D:2)
  3 giant cockroaches
  5 goblins
  2 hobgoblins (D:1)
  6 kobolds
  A quokka (D:2)
  A ball python (D:2)
  4 bats
  3 frilled lizards (D:1)
  5 rats
34 creatures vanquished.

Notes
Turn   | Place    | Note
-------+----------+-------------------------------------------
     0 | D:1      | vatarom the Vine Stalker Assassin began the quest for the Orb.
     0 | D:1      | Reached XP level 1. HP: 11/11 MP: 2/2
   209 | D:1      | Reached XP level 2. HP: 13/15 MP: 3/3
   610 | D:1      | Reached skill level 1 in Dodging
  1095 | D:2      | Gained mutation: You are dopey. (Int -2) [potion of mutation]
  1095 | D:2      | Gained mutation: You can translocate small distances at will. [potion of mutation]
  1095 | D:2      | Gained mutation: You are somewhat resistant to further mutation. [potion of mutation]
  1157 | D:2      | Reached XP level 3. HP: 18/18 MP: 4/4
  2175 | D:2      | Slain by a gnoll

Skill      XL: |  1  2  3 |
---------------+----------+-----
Short Blades   | 2 3 |  3.0
Fighting       | 2 |  2.4
Dodging        | 1 |  1.1
Throwing       | |  1.7
Stealth        | |  4.8

Action                   || total
-------------------------++-------
Melee: Dagger            ||    84
       Bite              ||    10
 Fire: Blowgun           ||     4
  Use: Potion            ||     6
       Scroll            ||     5
 Stab: Sleeping          ||    11
       Distracted        ||     1
  Eat: Chunk             ||     4
Armor: Robe              ||    13
Dodge: Dodged            ||    37
